[Event "95th Caplin Hastings Congress"]
[Site "Hastings"]
[Date "2020.01.04"]
[Round "8.3"]
[White "Flear, Glenn C"]
[Black "Kantor, Gergely"]
[Result "0-1"]
[ECO "E12"]
[WhiteElo "2435"]
[BlackElo "2541"]
[Annotator "ChessBase"]
[PlyCount "66"]
[EventDate "2019.12.28"]
[EventType "swiss"]
[EventCountry "ENG"]
[SourceTitle "playchess.com"]
[Source "ChessBase"]
[SourceQuality "1"]
[TimeControl "40/6600+30:3000+30"]

1. d4 Nf6 2. c4 e6 3. Nf3 b6 4. Bf4 Bb4+ 5. Nfd2 Nh5 6. Bg3 Bb7 7. a3 Bf8 8. Nc3 Nxg3 9. hxg3 g6 10. e3 Bg7 11. Qc2 d6 12. Rh2 c5 13. dxc5 dxc5 14. O-O-O Qe7 15. Be2 Nc6 16. Nde4 O-O 17. g4 f5 18. gxf5 exf5 19. Ng3 Ne5 20. Nd5 Bxd5 21. Rxd5 Rad8 22. Rxd8 Rxd8 23. Rh1 Qb7 24. f3 b5 25. cxb5 c4 26. Bxc4+ Kh8 27. Rd1 Rc8 28. b3 Qe7 29. Kd2 Nxc4+ 30. bxc4 Qd6+ 31. Ke2 Qxg3 32. Kf1 h5 33. c5 Qe5 0-1

[Event "95th Caplin Hastings Congress"]
[Site "Hastings"]
[Date "2020.01.04"]
[Round "8.4"]
[White "Stany, G.A."]
[Black "Fishbein, Alexander"]
[Result "1-0"]
[ECO "B56"]
[WhiteElo "2519"]
[BlackElo "2440"]
[Annotator "ChessBase"]
[PlyCount "79"]
[EventDate "2019.12.28"]
[EventType "swiss"]
[EventCountry "ENG"]
[SourceTitle "playchess.com"]
[Source "ChessBase"]
[SourceQuality "1"]
[TimeControl "40/6600+30:3000+30"]

1. e4 c5 2. Nf3 d6 3. d4 cxd4 4. Nxd4 Nf6 5. Nc3 Nc6 6. f3 e5 7. Nb3 Be7 8. Be3 O-O 9. Qd2 a5 10. Bb5 Na7 11. Bxa7 Rxa7 12. O-O-O Be6 13. Qe3 Ra8 14. Kb1 Qb8 15. Rd2 h6 16. g3 Rd8 17. Rhd1 Rc8 18. Na4 Bd7 19. Qe2 Qa7 20. Bxd7 Nxd7 21. Rd5 b6 22. Nd2 Rab8 23. Nc3 Nc5 24. Nb5 Qa6 25. Nf1 Ne6 26. c4 Rc5 27. Ne3 Rbc8 28. Nf5 Bf8 29. Nfxd6 Bxd6 30. Nxd6 R8c7 31. Qf1 Rxd5 32. exd5 Nc5 33. Qe2 Re7 34. Nf5 Re8 35. Nd6 Re7 36. Nf5 Re8 37. d6 Nd7 38. Qe4 Qa8 39. Qg4 g6 40. Ne7+ 1-0

[Event "95th Caplin Hastings Congress"]
[Site "Hastings"]
[Date "2020.01.04"]
[Round "8.5"]
[White "Hebden, Mark L"]
[Black "Bagi, Mate"]
[Result "0-1"]
[ECO "D00"]
[WhiteElo "2434"]
[BlackElo "2466"]
[Annotator "ChessBase"]
[PlyCount "50"]
[EventDate "2019.12.28"]
[EventType "swiss"]
[EventCountry "ENG"]
[SourceTitle "playchess.com"]
[Source "ChessBase"]
[SourceQuality "1"]
[TimeControl "40/6600+30:3000+30"]

1. d4 Nf6 2. Nc3 d5 3. Bf4 e6 4. e3 Bb4 5. Nge2 O-O 6. a3 Be7 7. h4 c5 8. f3 Nc6 9. g4 a6 10. Qd2 b5 11. g5 Ne8 12. Ng3 Ra7 13. Rg1 Rb7 14. Nd1 f6 15. Nh5 fxg5 16. Bxg5 cxd4 17. exd4 e5 18. c3 exd4 19. cxd4 Qb6 20. Be3 Bxh4+ 21. Nf2 Na5 22. Bd3 Rxf3 23. Ke2 Rff7 24. Qc2 Rbe7 25. Nd1 Nc4 0-1

[Event "95th Caplin Hastings Congress"]
[Site "Hastings"]
[Date "2020.01.04"]
[Round "8.8"]
[White "Wadsworth, Matthew J"]
[Black "Van den Doel, Erik"]
[Result "0-1"]
[ECO "A11"]
[WhiteElo "2401"]
[BlackElo "2588"]
[Annotator "ChessBase"]
[PlyCount "132"]
[EventDate "2019.12.28"]
[EventType "swiss"]
[EventCountry "ENG"]
[SourceTitle "playchess.com"]
[Source "ChessBase"]
[SourceQuality "1"]
[TimeControl "40/6600+30:3000+30"]

1. c4 c6 2. Nf3 d5 3. g3 Nf6 4. Bg2 Bf5 5. cxd5 cxd5 6. Qb3 Nc6 7. O-O Qd7 8. d3 e5 9. Bg5 Be7 10. Nc3 d4 11. Bxf6 gxf6 12. Ne4 Rc8 13. Rfc1 b6 14. Nh4 Be6 15. Qb5 Nd8 16. Qxd7+ Kxd7 17. Rxc8 Kxc8 18. f4 Rg8 19. f5 Bd7 20. Rc1+ Kb8 21. b4 Nb7 22. Kf2 Rc8 23. Rxc8+ Kxc8 24. Kf3 Nd6 25. Nxd6+ Bxd6 26. Kg4 Bxb4 27. Bd5 Be8 28. Nf3 Ba3 29. Nd2 Kd7 30. Ne4 Ke7 31. Kh5 Bc1 32. g4 h6 33. Bb3 Bc6 34. h4 b5 35. Nc5 Kf8 36. a4 bxa4 37. Nxa4 Kg7 38. Nc5 Ba3 39. Ne4 Be7 40. Nd2 a5 41. Nc4 a4 42. Bc2 a3 43. Bb3 Ba4 44. Ba2 Bd1 45. e3 Bc2 46. exd4 exd4 47. Nxa3 Bxa3 48. Bc4 Bc1 49. Bb5 Kf8 50. Bc4 Ke7 51. Bb5 Bb3 52. Bc6 Kd6 53. Be8 Be3 54. Bb5 Bd5 55. Be8 Kc5 56. Bd7 Kb4 57. Be8 Kc3 58. Bb5 Kd2 59. Ba6 Ke2 60. Bb5 Kf2 61. Be8 Kg3 62. Ba4 Bf3 63. Bd1 Kf4 64. Bb3 Bxg4+ 65. Kxh6 Kxf5+ 66. Kg7 Bh5 0-1

[Event "95th Caplin Hastings Congress"]
[Site "Hastings"]
[Date "2020.01.04"]
[Round "8.10"]
[White "Bates, Richard A"]
[Black "Gormally, Daniel W"]
[Result "1/2-1/2"]
[ECO "E69"]
[WhiteElo "2351"]
[BlackElo "2508"]
[Annotator "ChessBase"]
[PlyCount "80"]
[EventDate "2019.12.28"]
[EventType "swiss"]
[EventCountry "ENG"]
[SourceTitle "playchess.com"]
[Source "ChessBase"]
[SourceQuality "1"]
[TimeControl "40/6600+30:3000+30"]

1. d4 Nf6 2. Nf3 g6 3. g3 Bg7 4. c4 O-O 5. Bg2 d6 6. O-O Nbd7 7. Nc3 e5 8. e4 c6 9. b3 exd4 10. Nxd4 Re8 11. h3 Nc5 12. Re1 a5 13. Rb1 h5 14. Bg5 Qb6 15. Be3 Qb4 16. Ncb5 Ncxe4 17. Nc2 Qxe1+ 18. Qxe1 cxb5 19. cxb5 a4 20. bxa4 Rxa4 21. a3 Nd5 22. Nb4 Ndc3 23. Rc1 Rxa3 24. Bxe4 Nxe4 25. Nd5 Bf5 26. Qb4 Rd3 27. Nf4 Nc5 28. g4 hxg4 29. hxg4 Be4 30. Nxd3 Nxd3 31. Qxd6 Nxc1 32. Bxc1 Bf3 33. Be3 Be5 34. Qd7 Re6 35. Bd4 Bxd4 36. Qxd4 Re4 37. Qf6 Rxg4+ 38. Kf1 Bg2+ 39. Ke2 Rb4 40. b6 Bc6 1/2-1/2

[Event "95th Caplin Hastings Congress"]
[Site "Hastings"]
[Date "2020.01.04"]
[Round "8.11"]
[White "Swayams, Mishra"]
[Black "Lehaci, Miruna-Daria"]
[Result "1-0"]
[ECO "A20"]
[WhiteElo "2479"]
[BlackElo "2214"]
[Annotator "ChessBase"]
[PlyCount "79"]
[EventDate "2019.12.28"]
[EventType "swiss"]
[EventCountry "ENG"]
[SourceTitle "playchess.com"]
[Source "ChessBase"]
[SourceQuality "1"]
[TimeControl "40/6600+30:3000+30"]

1. c4 e5 2. g3 Nf6 3. Bg2 c6 4. Nf3 e4 5. Nd4 Bc5 6. Nb3 Bb6 7. c5 Bc7 8. Nc3 d5 9. cxd6 Bxd6 10. Qc2 O-O 11. Nxe4 Nxe4 12. Bxe4 f5 13. Bd3 Qf6 14. f4 Kh8 15. e3 a5 16. O-O Na6 17. Qc3 Qf7 18. Nd4 Nb4 19. Bc4 Qe8 20. b3 Be7 21. Bb2 Bf6 22. a3 Na6 23. Qc2 Nc5 24. Rae1 Ne4 25. Be2 Qg6 26. Bf3 c5 27. Bxe4 fxe4 28. f5 Qh5 29. Qxc5 Bd7 30. Bc3 Rf7 31. Rf2 Bxd4 32. Qxd4 Re8 33. Rf4 Bc6 34. a4 Kg8 35. Ref1 Qg5 36. Bxa5 Ra8 37. Bc3 Rd8 38. Qb6 Rdf8 39. Qc5 Bd7 40. Qc4 1-0

[Event "95th Caplin Hastings Congress"]
[Site "Hastings"]
[Date "2020.01.04"]
[Round "8.12"]
[White "Brozel, Sacha"]
[Black "Merry, Alan B"]
[Result "0-1"]
[ECO "A37"]
[WhiteElo "2150"]
[BlackElo "2423"]
[Annotator "NA"]
[PlyCount "67"]
[EventDate "2019.12.28"]
[EventType "swiss"]
[EventCountry "ENG"]
[SourceTitle "playchess.com"]
[Source "ChessBase"]
[SourceQuality "1"]
[TimeControl "40/6600+30:3000+30"]

1. c4 c5 2. g3 g6 3. Bg2 Bg7 4. Nc3 Nc6 5. Nf3 d6 6. O-O Bf5 7. d3 Qd7 8. Nd5 Nf6 9. Bd2 O-O 10. Bc3 Nxd5 11. cxd5 Nd4 12. Nh4 Bg4 13. f3 Bh3 14. e3 Bxg2 15. Nxg2 Nb5 16. Bxg7 Kxg7 17. d4 Kg8 18. a4 Nc7 19. e4 Rfd8 20. Ne3 Rac8 21. Rc1 Na6 22. b3 b5 23. dxc5 Nxc5 24. a5 b4 25. Nc4 Qb5 26. Rf2 Rc7 27. Ra2 Rdc8 28. Nb2 Nxb3 29. Rxc7 Rxc7 30. Qxb3 Rc3 31. Qa4 Rc1+ 32. Nd1 Qd3 33. Kg2 b3 34. Nf2 0-1

[Event "95th Caplin Hastings Congress"]
[Site "Hastings"]
[Date "2020.01.04"]
[Round "8.13"]
[White "Cherniaev, Alexander"]
[Black "Balaji, Aaravamudhan"]
[Result "1-0"]
[ECO "A03"]
[WhiteElo "2427"]
[BlackElo "2095"]
[Annotator "NA"]
[PlyCount "79"]
[EventDate "2019.12.28"]
[EventType "swiss"]
[EventCountry "ENG"]
[SourceTitle "playchess.com"]
[Source "ChessBase"]
[SourceQuality "1"]
[TimeControl "40/6600+30:3000+30"]

1. b3 d5 2. Bb2 c5 3. e3 e6 4. f4 Nf6 5. Nf3 Nc6 6. Bb5 Bd6 7. Bxc6+ bxc6 8. O-O O-O 9. c4 Qe7 10. Ne5 Bb7 11. d3 Nd7 12. Nxd7 Qxd7 13. Nc3 d4 14. Na4 Rfd8 15. Qf3 Qc7 16. Rae1 Rd7 17. Re2 Rad8 18. Ba3 e5 19. exd4 cxd4 20. Bxd6 Rxd6 21. fxe5 Rg6 22. Nc5 Bc8 23. Re4 a5 24. a3 f5 25. exf6 Rxf6 26. Rf4 Rdf8 27. Rxf6 Rxf6 28. Qe4 Rxf1+ 29. Kxf1 Kf7 30. h3 Qd6 31. b4 g6 32. Qf3+ Ke8 33. Ne4 Qe7 34. Qf6 axb4 35. Qxc6+ Kd8 36. Qb6+ Ke8 37. axb4 Qf7+ 38. Qf6 Qxf6+ 39. Nxf6+ Ke7 40. Nxh7 1-0

[Event "95th Caplin Hastings Congress"]
[Site "Hastings"]
[Date "2020.01.04"]
[Round "8.14"]
[White "Vaishali R"]
[Black "Sucikova, Svetlana"]
[Result "1-0"]
[ECO "B15"]
[WhiteElo "2386"]
[BlackElo "2160"]
[Annotator "ChessBase"]
[PlyCount "105"]
[EventDate "2019.12.28"]
[EventType "swiss"]
[EventCountry "ENG"]
[SourceTitle "playchess.com"]
[Source "ChessBase"]
[SourceQuality "1"]
[TimeControl "40/6600+30:3000+30"]

1. e4 c6 2. d4 d5 3. Nd2 dxe4 4. Nxe4 Nf6 5. Nxf6+ exf6 6. c3 Bd6 7. Bd3 Qc7 8. Ne2 Bg4 9. Qc2 Nd7 10. Be3 Bh5 11. Ng3 Bg6 12. Nf5 Bxf5 13. Bxf5 g6 14. Bd3 O-O 15. h4 Rfe8 16. h5 Nf8 17. hxg6 fxg6 18. Bc4+ Kg7 19. O-O-O Bf4 20. Rh3 Re7 21. Qd2 Bxe3 22. fxe3 Rae8 23. Rf1 Qd6 24. Qf2 Re4 25. Bd3 Rg4 26. e4 Qe7 27. Re3 Ne6 28. g3 Nf8 29. Rf3 Nd7 30. Rf4 Rxf4 31. gxf4 c5 32. d5 c4 33. Bc2 b6 34. Rh1 Nc5 35. Qh2 Kg8 36. e5 f5 37. Qg3 Qd7 38. Rd1 Kh8 39. Qh4 Qe7 40. Qh3 Rd8 41. Qe3 Nb7 42. Qd4 Qc5 43. d6 Kg7 44. Qd2 Rd7 45. Qe1 h6 46. Qg3 Kh7 47. Rg1 Rg7 48. Bxf5 Qxg1+ 49. Qxg1 gxf5 50. Qd4 Nc5 51. Qxc4 Rg1+ 52. Kc2 Rg2+ 53. Kd1 1-0

[Event "95th Caplin Hastings Congress"]
[Site "Hastings"]
[Date "2020.01.04"]
[Round "8.15"]
[White "Murphy, Conor E"]
[Black "Unnikrishnan, Midhun P"]
[Result "1-0"]
[ECO "C45"]
[WhiteElo "2407"]
[BlackElo "2135"]
[Annotator "ChessBase"]
[PlyCount "111"]
[EventDate "2019.12.28"]
[EventType "swiss"]
[EventCountry "ENG"]
[SourceTitle "playchess.com"]
[Source "ChessBase"]
[SourceQuality "1"]
[TimeControl "40/6600+30:3000+30"]

1. e4 e5 2. Nf3 Nc6 3. d4 exd4 4. Nxd4 Nf6 5. Nxc6 bxc6 6. e5 Qe7 7. Qe2 Nd5 8. c4 Ba6 9. Nd2 g6 10. Nf3 Bg7 11. Bg5 f6 12. exf6 Qxe2+ 13. Bxe2 Nxf6 14. O-O-O O-O-O 15. Rhe1 Rde8 16. Nd2 c5 17. Bf3 Bb7 18. Bxb7+ Kxb7 19. f3 d6 20. Kc2 Nd7 21. b3 Ne5 22. Re4 Kc8 23. h4 Kd7 24. h5 Nc6 25. h6 Nb4+ 26. Kb1 Bd4 27. Rde1 Rxe4 28. Rxe4 Re8 29. Rxe8 Kxe8 30. Ne4 Nc6 31. Kc2 Nb4+ 32. Kd2 Nxa2 33. Bf6 Kf7 34. Bd8 Nb4 35. Bxc7 d5 36. Ng5+ Kg8 37. Ne6 dxc4 38. bxc4 Kf7 39. Ng5+ Kg8 40. Bd6 Nc6 41. Ne6 Kf7 42. Nxc5 Ne5 43. Bxe5 Bxe5 44. Kd3 Bf4 45. Ke4 Bxh6 46. Kd5 Bf4 47. Kc6 Kf6 48. Kd7 Be3 49. Nd3 Kf5 50. Kd6 h5 51. c5 g5 52. c6 Bb6 53. Ne5 g4 54. fxg4+ hxg4 55. Nc4 Bf2 56. Kd7 1-0

[Event "95th Caplin Hastings Congress"]
[Site "Hastings"]
[Date "2020.01.04"]
[Round "8.17"]
[White "Willow, Jonah B"]
[Black "Thompson, Ian D"]
[Result "1/2-1/2"]
[ECO "C48"]
[WhiteElo "2355"]
[BlackElo "2141"]
[Annotator "NA"]
[PlyCount "115"]
[EventDate "2019.12.28"]
[EventType "swiss"]
[EventCountry "ENG"]
[SourceTitle "playchess.com"]
[Source "ChessBase"]
[SourceQuality "1"]
[TimeControl "40/6600+30:3000+30"]

1. e4 e5 2. Nf3 Nc6 3. Nc3 Nf6 4. Bb5 Bc5 5. O-O O-O 6. Nxe5 Nxe5 7. d4 Bd6 8. f4 Neg4 9. e5 Be7 10. Be2 d6 11. exf6 Nxf6 12. f5 d5 13. Bg5 Re8 14. Qd3 c6 15. Rae1 b5 16. Qh3 a5 17. Bd3 b4 18. Na4 Ba6 $14 19. Nc5 Bxd3 20. cxd3 Bxc5 21. dxc5 Rxe1 22. Rxe1 Qf8 23. Bxf6 gxf6 24. Qe3 Qc8 25. Qg3+ Kh8 26. Re7 Qf8 27. Qd6 Kg7 28. Qg3+ Kh8 29. Qd6 Kg7 30. Rd7 Re8 31. Kf2 Re5 32. Rd8 Rxf5+ 33. Kg3 Qxd6+ 34. cxd6 d4 35. Rc8 Rd5 36. Rxc6 f5 37. Kf4 Kf6 38. d7+ Ke7 39. Rh6 Kxd7 40. Rxh7 Rc5 41. Rxf7+ Ke6 42. Ra7 Rc2 43. Ra6+ Ke7 44. h4 Rxg2 45. h5 Rxb2 46. h6 Kf7 47. Rxa5 Rd2 48. Ra7+ Kg8 49. Rg7+ Kh8 50. Rg3 Rxa2 51. Kxf5 b3 52. Rg6 Re2 53. Rb6 b2 54. Kg6 Rg2+ 55. Kf5 Re2 56. Rb7 Re3 57. Rxb2 Rxd3 58. Ke4 1/2-1/2

[Event "95th Caplin Hastings Congress"]
[Site "Hastings"]
[Date "2020.01.04"]
[Round "8.18"]
[White "Ryzhkov, Vjacheslav"]
[Black "Grieve, Harry"]
[Result "1/2-1/2"]
[ECO "C00"]
[WhiteElo "2134"]
[BlackElo "2299"]
[Annotator "ChessBase"]
[PlyCount "123"]
[EventDate "2019.12.28"]
[EventType "swiss"]
[EventCountry "ENG"]
[SourceTitle "playchess.com"]
[Source "ChessBase"]
[SourceQuality "1"]
[TimeControl "40/6600+30:3000+30"]

1. e4 c5 2. Nf3 e6 3. g3 Nc6 4. Bg2 Nf6 5. Qe2 d6 6. O-O Be7 7. e5 dxe5 8. Nxe5 Nd4 9. Qd1 O-O 10. c3 Nf5 11. d3 Qc7 12. Qe2 Nd5 13. Na3 Rb8 14. Nb5 Qb6 15. a4 a6 16. Na3 Qc7 17. Nc2 b6 18. d4 Bb7 19. Ne3 cxd4 20. Nxf5 exf5 21. cxd4 Nb4 22. Bf4 Bxg2 23. Kxg2 Rbd8 24. Rac1 Qb7+ 25. Qf3 Qxf3+ 26. Nxf3 b5 27. axb5 axb5 28. Rc7 Nd5 29. Rb7 b4 30. Ra1 Ra8 31. Rxa8 Rxa8 32. Rb8+ Rxb8 33. Bxb8 f6 34. Nd2 Kf7 35. Kf3 Ke6 36. Nc4 Kd7 37. Ke2 Kc6 38. Kd3 g5 39. b3 Nc3 40. Ne3 Bf8 41. Nxf5 h5 42. h4 Nd1 43. f3 Kd5 44. Bc7 Ke6 45. Ne3 Nxe3 46. Kxe3 gxh4 47. gxh4 Kd5 48. Bb6 Bh6+ 49. f4 f5 50. Bc5 Bg7 51. Bxb4 Bxd4+ 52. Kd3 Bf2 53. Be7 Bg3 54. Ke3 Be1 55. Ke2 Bg3 56. Kf3 Be1 57. Ke3 Bg3 58. Bd8 Be1 59. Kd3 Bg3 60. Bg5 Be1 61. Ke3 Bb4 62. Kd3 {[%emt 0:00:00] Ke5 Ke4+} 1/2-1/2

[Event "95th Caplin Hastings Congress"]
[Site "Hastings"]
[Date "2020.01.04"]
[Round "8.19"]
[White "Brown, Thomas"]
[Black "Stoyanov, Viktor"]
[Result "0-1"]
[ECO "A20"]
[WhiteElo "2116"]
[BlackElo "2234"]
[Annotator "NA"]
[PlyCount "78"]
[EventDate "2019.12.28"]
[EventType "swiss"]
[EventCountry "ENG"]
[SourceTitle "playchess.com"]
[Source "ChessBase"]
[SourceQuality "1"]
[TimeControl "40/6600+30:3000+30"]

1. c4 e5 2. g3 h5 3. h3 Nc6 4. Bg2 Bc5 5. Nc3 d6 6. a3 Nge7 7. b4 Bb6 8. e3 a6 9. Nge2 Be6 10. Nd5 Ba7 11. Nxe7 Qxe7 12. d3 Qd7 13. Nc3 f6 14. Bd2 Kf7 15. Bd5 Nd8 16. f4 h4 17. Qf3 hxg3 18. f5 Bxd5 19. cxd5 Kf8 20. Ke2 Qf7 21. Rag1 Qh5 22. Rxg3 Qxf3+ 23. Kxf3 Nf7 24. Rhg1 Rh7 25. Rc1 Ke7 26. Na4 Kd7 27. e4 Rah8 28. Ke2 Rxh3 29. Rxg7 Rh2+ 30. Kd1 R8h7 31. Rg6 Rf2 32. Nc3 Ng5 33. Nb1 Nf3 34. Kc2 Be3 35. Rd1 Rhh2 36. Rg7+ Ke8 37. Rxc7 Bxd2 38. Nxd2 Nxd2 39. Rxb7 Nxe4+ 0-1

[Event "95th Caplin Hastings Congress"]
[Site "Hastings"]
[Date "2020.01.04"]
[Round "8.20"]
[White "Ratsma, Midas"]
[Black "White, Stuart A"]
[Result "1-0"]
[ECO "B51"]
[WhiteElo "2271"]
[BlackElo "2106"]
[Annotator "NA"]
[PlyCount "81"]
[EventDate "2019.12.28"]
[EventType "swiss"]
[EventCountry "ENG"]
[SourceTitle "playchess.com"]
[Source "ChessBase"]
[SourceQuality "1"]
[TimeControl "40/6600+30:3000+30"]

1. e4 c5 2. Nf3 d6 3. Bb5+ Nd7 4. O-O a6 5. Bd3 Ngf6 6. Re1 e6 7. c3 b5 8. Bc2 c4 9. a4 Bb7 10. d4 cxd3 11. Qxd3 Nc5 12. Qe2 bxa4 13. e5 Nfd7 14. Bxa4 Nxa4 15. Rxa4 Nxe5 16. Nxe5 dxe5 17. Qxe5 Qd5 18. Qg3 g6 19. Rd4 Qc6 20. Bg5 Bc5 21. Rc4 Qd5 22. Nd2 Bd6 23. Qg4 h5 24. Qe4 O-O 25. Rd4 Qb5 26. Qh4 Bc5 27. Re5 Qa5 28. Nb3 Qa2 29. Rxc5 Qxb3 30. Be7 Qc2 31. h3 Rfe8 32. Bf6 Qc1+ 33. Kh2 e5 34. Rxe5 Rxe5 35. Bxe5 Qf1 36. Rg4 Kh7 37. Qf6 Rg8 38. Qxf7+ Kh6 39. Qxg8 hxg4 40. Bf4+ g5 41. Qxg5+ 1-0

[Event "95th Caplin Hastings Congress"]
[Site "Hastings"]
[Date "2020.01.04"]
[Round "8.21"]
[White "Thorpe, Thomas"]
[Black "Lyell, Mark"]
[Result "0-1"]
[ECO "B13"]
[WhiteElo "1924"]
[BlackElo "2294"]
[Annotator "NA"]
[PlyCount "72"]
[EventDate "2019.12.28"]
[EventType "swiss"]
[EventCountry "ENG"]
[SourceTitle "playchess.com"]
[Source "ChessBase"]
[SourceQuality "1"]
[TimeControl "40/6600+30:3000+30"]

1. e4 c6 2. d4 d5 3. exd5 cxd5 4. Bd3 Nc6 5. c3 Qc7 6. h3 Nf6 7. Nf3 g6 8. O-O Bf5 9. Be2 Bg7 10. Re1 O-O 11. Nbd2 Rab8 12. Nf1 b5 13. Ng3 Be4 14. Ng5 Rfd8 15. N3xe4 Nxe4 16. Bf3 e5 17. dxe5 Qxe5 18. Bxe4 dxe4 19. Qb3 Qf5 20. g4 Qd5 21. Bf4 Be5 22. Qxd5 Rxd5 23. Bxe5 Nxe5 24. Nxe4 Nf3+ 25. Kf1 Kg7 26. Re3 Ne5 27. b3 Rb6 28. Ke2 f5 29. gxf5 gxf5 30. Rg1+ Kh6 31. Ng5 Ra6 32. h4 Ng4 33. Re7 Rxa2+ 34. Kf3 Rxf2+ 35. Kg3 Rd3+ 36. Nf3 Rdxf3# 0-1

[Event "95th Caplin Hastings Congress"]
[Site "Hastings"]
[Date "2020.01.04"]
[Round "8.22"]
[White "Merriman, John"]
[Black "Willson, Ollie"]
[Result "1/2-1/2"]
[ECO "A06"]
[WhiteElo "2222"]
[BlackElo "2082"]
[Annotator "NA"]
[PlyCount "33"]
[EventDate "2019.12.28"]
[EventType "swiss"]
[EventCountry "ENG"]
[SourceTitle "playchess.com"]
[Source "ChessBase"]
[SourceQuality "1"]
[TimeControl "40/6600+30:3000+30"]

1. b3 Nf6 2. Bb2 d5 3. e3 Bf5 4. Nf3 e6 5. h3 Nbd7 6. Nh4 Bg6 7. Be2 Be7 8. c4 c6 9. d3 a5 10. a3 Qb6 11. Nxg6 hxg6 12. Qc2 Bd6 13. Nd2 Qc7 14. d4 Qd8 15. Rd1 Qe7 16. Ra1 g5 17. g3 1/2-1/2

[Event "95th Caplin Hastings Congress"]
[Site "Hastings"]
[Date "2020.01.04"]
[Round "8.23"]
[White "Hutchinson, Paul A"]
[Black "Keetman, Maaike"]
[Result "1-0"]
[ECO "D05"]
[WhiteElo "2112"]
[BlackElo "2193"]
[Annotator "NA"]
[PlyCount "91"]
[EventDate "2019.12.28"]
[EventType "swiss"]
[EventCountry "ENG"]
[SourceTitle "playchess.com"]
[Source "ChessBase"]
[SourceQuality "1"]
[TimeControl "40/6600+30:3000+30"]

1. d4 e6 2. Nf3 c5 3. e3 Nf6 4. c3 b6 5. Bd3 Bb7 6. Nbd2 d5 7. Ne5 Bd6 8. f4 c4 9. Bc2 Nc6 10. Qf3 Qc7 11. Ba4 Rc8 12. g4 h6 13. h4 Ke7 14. Qg2 Nxe5 15. fxe5 Bxe5 16. dxe5 Qxe5 17. Nf3 Qe4 18. Bc2 Qxg4 19. Qxg4 Nxg4 20. Rf1 Rcg8 21. Bd2 g5 22. O-O-O f5 23. Nd4 gxh4 24. Rf3 h3 25. Be1 h2 26. Bh4+ Kf7 27. Rh3 Rg7 28. Re1 Rhg8 29. Bd1 Bc8 30. Nf3 h5 31. Nxh2 Kg6 32. Bg3 e5 33. Rg1 Kh6 34. Nxg4+ fxg4 35. Rh2 Rg5 36. Rf1 Kg7 37. Rhf2 Be6 38. a4 e4 39. b3 Rh8 40. Bh4 g3 41. Bxg5 gxf2 42. Rxf2 Kg6 43. Bh4 Bg4 44. b4 Re8 45. Rf6+ Kg7 46. Rd6 1-0

[Event "95th Caplin Hastings Congress"]
[Site "Hastings"]
[Date "2020.01.04"]
[Round "8.24"]
[White "Elwin, Adrian G"]
[Black "Brouwer, Dennis"]
[Result "0-1"]
[ECO "E92"]
[WhiteElo "1986"]
[BlackElo "2209"]
[Annotator "NA"]
[PlyCount "104"]
[EventDate "2019.12.28"]
[EventType "swiss"]
[EventCountry "ENG"]
[SourceTitle "playchess.com"]
[Source "ChessBase"]
[SourceQuality "1"]
[TimeControl "40/6600+30:3000+30"]

1. d4 Nf6 2. c4 g6 3. Nf3 Bg7 4. Nc3 O-O 5. e4 d6 6. Be2 e5 7. dxe5 dxe5 8. Qxd8 Rxd8 9. Bg5 Re8 10. O-O-O h6 11. Bh4 Na6 12. Nd2 c6 13. Nb3 Nd7 14. f3 Nac5 15. Bf2 Nxb3+ 16. axb3 Nf8 17. Bd3 Ne6 18. Ne2 Bf8 19. Be3 h5 20. h4 Bc5 21. Bd2 a5 22. Bc3 Be3+ 23. Bd2 Bxd2+ 24. Rxd2 Nc5 25. Bc2 Be6 26. Nc3 Kf8 27. Rhd1 Rec8 28. Kb1 Ke8 29. g3 Ke7 30. f4 Bg4 31. Rf1 f6 32. Na4 Nxa4 33. bxa4 Rd8 34. Rff2 Be6 35. b3 c5 36. Kc1 Rd4 37. fxe5 fxe5 38. Rxd4 cxd4 39. Bd3 Rf8 40. Rxf8 Kxf8 41. Kb2 Ke7 42. Ka3 Kd6 43. b4 b6 44. Kb3 Kc6 45. Ka3 Bg4 46. Bb1 Be2 47. Kb3 Kd6 48. c5+ bxc5 49. b5 c4+ 50. Kb2 Bd1 51. Bc2 Bf3 52. Bb1 Kc5 0-1

[Event "95th Caplin Hastings Congress"]
[Site "Hastings"]
[Date "2020.01.04"]
[Round "8.25"]
[White "Bin-Suhayl, Ieysaa"]
[Black "Pavlov, Mikhail"]
[Result "1-0"]
[ECO "A59"]
[WhiteElo "2177"]
[BlackElo "1961"]
[Annotator "ChessBase"]
[PlyCount "59"]
[EventDate "2019.12.28"]
[EventType "swiss"]
[EventCountry "ENG"]
[SourceTitle "playchess.com"]
[Source "ChessBase"]
[SourceQuality "1"]
[TimeControl "40/6600+30:3000+30"]

1. d4 Nf6 2. c4 c5 3. d5 b5 4. cxb5 a6 5. bxa6 g6 6. Nc3 Bxa6 7. e4 Bxf1 8. Kxf1 d6 9. g3 Nbd7 10. Nf3 Bg7 11. Kg2 O-O 12. a4 Qb6 13. Qe2 Rfb8 14. Nb5 Ne8 15. Bg5 Qd8 16. Ra3 h6 17. Bf4 Nc7 18. Nxc7 Qxc7 19. b3 Qb7 20. Nd2 Qb4 21. Nc4 g5 22. Bd2 Bc3 23. Bxc3 Qxc3 24. h4 Nf6 25. hxg5 hxg5 26. b4 Qxb4 27. e5 dxe5 28. Qxe5 Nh7 29. Rf3 f6 30. Qe6+ 1-0

[Event "95th Caplin Hastings Congress"]
[Site "Hastings"]
[Date "2020.01.04"]
[Round "8.26"]
[White "Gutierrez Carmona, Juan Alejandr"]
[Black "Chapman, Matt"]
[Result "1-0"]
[ECO "C77"]
[WhiteElo "2153"]
[BlackElo "1953"]
[Annotator "NA"]
[PlyCount "71"]
[EventDate "2019.12.28"]
[EventType "swiss"]
[EventCountry "ENG"]
[SourceTitle "playchess.com"]
[Source "ChessBase"]
[SourceQuality "1"]
[TimeControl "40/6600+30:3000+30"]

1. e4 e5 2. Nf3 Nc6 3. Bb5 a6 4. Ba4 Nf6 5. d3 d6 6. c3 g6 7. O-O Bg7 8. h3 O-O 9. Re1 h6 10. b4 b5 11. Bb3 a5 12. Bd2 a4 13. Bc2 d5 14. Qc1 Kh7 15. Be3 dxe4 16. dxe4 Nd7 17. Na3 Ba6 18. Bd3 Qb8 19. Rd1 Ne7 20. Rd2 Rd8 21. Qf1 c6 22. Rad1 Qc7 23. c4 Nf8 24. cxb5 cxb5 25. Bxb5 Rxd2 26. Nxd2 Qc3 27. Bxa6 Qxa3 28. Bc5 Qxa2 29. Bxe7 Qe6 30. Bb7 Rb8 31. Bxf8 Bxf8 32. Bd5 Qb6 33. Nc4 Qxb4 34. Nxe5 Rc8 35. Qa6 Rd8 36. Qf6 1-0

[Event "95th Caplin Hastings Congress"]
[Site "Hastings"]
[Date "2020.01.04"]
[Round "8.28"]
[White "Terentiev, Sergei"]
[Black "Flear, Christine"]
[Result "1-0"]
[ECO "D05"]
[WhiteElo "2292"]
[BlackElo "2045"]
[Annotator "NA"]
[PlyCount "105"]
[EventDate "2019.12.28"]
[EventType "swiss"]
[EventCountry "ENG"]
[SourceTitle "playchess.com"]
[Source "ChessBase"]
[SourceQuality "1"]
[TimeControl "40/6600+30:3000+30"]

1. c4 e6 2. Nf3 Nf6 3. e3 d5 4. b3 Nbd7 5. Bb2 Bd6 6. d4 b6 7. cxd5 exd5 8. Bd3 Qe7 9. O-O O-O 10. a4 a6 11. Ba3 c5 12. Nbd2 Bb7 13. Rc1 Ne4 14. Re1 f5 15. Bb2 Rac8 16. Nf1 Qe6 17. Qe2 a5 18. Rc2 Rc7 19. N3d2 Qh6 20. f3 Nxd2 21. Rxd2 Nb8 22. dxc5 Bxc5 23. Rc2 Nc6 24. Rcc1 Re7 25. Kh1 Nb4 26. Bb1 d4 27. Bxd4 Bxd4 28. Qc4+ Bd5 29. Qxd4 Bxb3 30. Ng3 g6 31. Qxb6 f4 32. Nf5 Rxf5 33. Bxf5 Qh4 34. Be4 fxe3 35. Rxe3 Qg5 36. f4 Qxf4 37. Qd8+ Qf8 38. Qxf8+ Kxf8 39. Rxb3 Rxe4 40. h3 Kg7 41. Rc5 h5 42. Rxa5 h4 43. Rg5 Re1+ 44. Kh2 Nc2 45. Rg4 Ne3 46. Rxh4 Re2 47. Ra3 Rxg2+ 48. Kh1 Re2 49. Ra1 Ng2 50. Rg4 Ne1 51. Rg3 Nc2 52. Ra2 Re1+ 53. Rg1 1-0